AoeStats
← KAROLLOKO

Arena

505956569Analyzed
4v4 RM · 22d ago on Sep 11, 2026· 55m 21s· 8 players
Game mode
Random Map
Map size
Large (8 player)
Population
200
Speed
Normal
Resources
Standard
Victory
Conquest
Starting age
Dark Age
Ending age
Imperial Age
RankedLock teamsTeams togetherTeam positionsShared explorationLock speedFull tech treeHidden civsTurbo modeCheats
Victory
Defeat
🇵🇱 Poles · Poland
1241
+5
🇵🇱 Wei · Poland
1013
+12
🇵🇱 Khitans · Poland
936
+23
🇵🇱 Bulgarians · Poland
823
+19
🇺🇸 Bohemians · United States
968
-14
🇧🇷 Khmer · Brazil
928
-13
🇦🇷 Franks · Argentina
924
-12
🇹🇷 Persians · Türkiye
919
-12
n2844522
5:00 Loom
10:56 Feudal Age
17:21 Castle Age
15:27 Double-Bit Axe
19:02 Bow Saw
19:12 Forging
19:28 Horse Collar
20:07 Man-at-Arms
22:12 Scale Mail Armor
23:34 Fletching
24:39 Bodkin Arrow
34:25 Imperial Age
33:31 Chain Mail Armor
32:39 Long Swordsman
36:45 Heavy Plow
38:02 Ballistics
39:15 Iron Casting
40:15 Chemistry
42:09 Padded Archer Armor
42:55 Masonry
42:34 Two-Handed Swordsman
45:30 Blast Furnace
45:35 Leather Archer Armor
46:05 Elite Skirmisher
48:02 Ring Archer Armor
48:32 Architecture
48:46 Plate Mail Armor
Guigui
10:58 Feudal Age
17:37 Castle Age
16:19 Double-Bit Axe
16:29 Stone Mining
16:36 Gold Mining
21:38 Sanctity
25:42 Wheelbarrow
28:38 Bow Saw
32:40 Imperial Age
31:41 Forging
31:37 Scale Barding Armor
33:33 Iron Casting
35:56 Blast Furnace
35:16 Chain Barding Armor
38:16 Husbandry
41:09 #83
42:35 Plate Barding Armor
41:51 Fletching
44:53 Bodkin Arrow
51:22 Elite Throwing Axeman
CoskunKaya
9:55 Loom
12:08 Feudal Age
15:03 Wheelbarrow
15:49 Double-Bit Axe
15:44 Horse Collar
20:01 Castle Age
18:34 Stone Mining
18:36 Gold Mining
19:22 Forging
19:35 Scale Barding Armor
21:39 Bow Saw
21:30 Heavy Plow
22:08 Husbandry
24:12 Bloodlines
26:55 Gold Shaft Mining
26:55 Stone Shaft Mining
27:57 Hand Cart
27:27 Town Watch
28:39 Chain Barding Armor
28:55 Iron Casting
40:38 Imperial Age
38:36 Fletching
39:55 Bodkin Arrow
39:56 Murder Holes
40:22 Ballistics
40:13 Masonry
40:41 Town Patrol
40:24 Cavalier
42:07 Blast Furnace
41:44 Plate Barding Armor
43:27 Chemistry
41:57 Savar
44:48 Architecture
46:14 Scale Mail Armor
45:39 Pikeman
46:20 Squires
46:05 Arson
46:26 Halberdier
46:54 Arson
47:26 Chain Mail Armor
47:57 Crop Rotation
48:28 Two-Man Saw
48:37 Plate Mail Armor
52:27 Conscription
52:59 Hoardings
TT
1:04 Loom
1:10 Loom
13:50 Feudal Age
14:38 Town Watch
16:58 Castle Age
14:54 Horse Collar
15:18 Double-Bit Axe
32:45 Imperial Age
32:27 Wheelbarrow
32:25 Ballistics
33:56 Hand Cart
33:44 Gold Mining
33:48 Stone Mining
35:21 Chemistry
34:44 Murder Holes
36:49 Masonry
39:41 Double Crossbow
40:02 Conscription
40:18 Hoardings
41:21 Forging
41:12 Scale Mail Armor
41:10 Pikeman
41:20 Onager
42:02 Halberdier
45:09 Iron Casting
44:50 Chain Mail Armor
44:41 Scale Barding Armor
KoryT
10:11 Loom
12:00 Feudal Age
12:47 Double-Bit Axe
17:45 Castle Age
16:21 Horse Collar
16:35 Gold Mining
19:09 Husbandry
19:19 Bloodlines
19:21 Heavy Plow
22:59 Bow Saw
23:34 Scale Barding Armor
24:30 Wheelbarrow
24:22 Forging
26:59 Chain Barding Armor
29:58 Gold Shaft Mining
29:43 Hand Cart
31:05 Iron Casting
40:10 Imperial Age
37:27 Town Watch
37:39 Fletching
38:08 Stone Mining
42:38 Blast Furnace
42:14 Crop Rotation
42:07 Conscription
41:52 Tuntian
41:19 Heavy Hei Guang Cavalry
43:07 Ming Guang Armor
44:44 Chemistry
43:58 Masonry
44:10 Ballistics
45:00 Bodkin Arrow
48:31 Elite Tiger Cavalry
k0vvaL6989
5:08 Loom
9:46 Feudal Age
13:53 Domestication
14:01 Double-Bit Axe
19:40 Castle Age
20:21 Gold Mining
20:22 Stone Mining
20:39 Pastoralism
21:20 Scale Barding Armor
21:49 Forging
21:40 Stone Mining
21:48 Gold Mining
22:10 Bow Saw
22:25 Chain Barding Armor
23:32 Wheelbarrow
22:46 Town Watch
27:24 Husbandry
28:02 Iron Casting
30:04 Hand Cart
29:42 Stone Mining
31:33 Stone Shaft Mining
31:45 Squires
35:46 Imperial Age
33:03 Pikeman
33:30 Arson
34:47 Caravan
36:20 Scale Mail Armor
37:17 Elite Liao Dao
40:55 Conscription
41:19 Lamellar Armor
41:41 Chain Mail Armor
41:46 Siege Engineers
42:43 Chemistry
42:05 Ballistics
42:02 Fortified Wall
52:36 Plate Mail Armor
52:00 Fletching
Obsessive
1:47 Loom
12:19 Feudal Age
17:31 Castle Age
17:52 Double-Bit Axe
18:07 Gold Mining
18:09 Stone Mining
30:03 Horse Collar
30:10 Horse Collar
32:13 Heavy Plow
34:30 Arson
34:45 Squires
34:33 Gambesons
37:21 Bow Saw
41:23 Wheelbarrow
43:05 Hand Cart
43:51 Scale Barding Armor
43:57 Forging
43:44 Town Watch
44:36 Gold Shaft Mining
46:20 Stone Shaft Mining
46:25 Masonry
49:16 Imperial Age
50:01 Chain Barding Armor
50:17 Iron Casting
50:41 Architecture
50:02 Capped Ram
51:21 Husbandry
51:32 Bloodlines
52:01 Plate Barding Armor
52:27 Blast Furnace
51:38 Siege Ram
53:10 Crop Rotation
53:28 Conscription
53:10 Bagains
53:07 Stirrups
52:34 Elite Konnik
55:46 Scale Mail Armor
KAROLLOKO
11:03 Feudal Age
14:51 Castle Age
12:57 Double-Bit Axe
13:47 Horse Collar
16:49 Wheelbarrow
16:27 Heavy Plow
18:14 Hand Cart
19:07 Bow Saw
25:03 Gold Mining
26:18 Szlachta Privileges
26:33 Scale Barding Armor
26:38 Forging
27:36 Husbandry
27:46 Bloodlines
31:54 Imperial Age
31:20 Chain Barding Armor
31:35 Iron Casting
33:43 Light Cavalry
33:43 Cavalier
35:20 Winged Hussar
37:13 Blast Furnace
36:33 Stone Mining
38:11 Chemistry
37:32 Ballistics
38:36 Lechitic Legacy
41:33 Fortified Wall
47:06 Town Watch
47:07 Loom
48:03 Siege Engineers
48:09 Masonry
52:44 Crop Rotation
52:54 Town Patrol
Connection lost

Rejoining the realm…

Still unreachable

The connection could not be restored.

Session expired

The server has moved on; the page needs a fresh start.